 Dungeon Crawl Stone Soup version 0.26-a0-812-g31a745ddcd (webtiles) character file.

Game seed: 13719915926877933979

90223 CypherZel the Blocker (level 16, -9/123 HPs)
             Began as a Gnoll Wanderer on Nov 18, 2020.
             Was a Follower of Uskayaw.
             Mangled by a sun demon (14 damage)
             ... summoned by an orc sorcerer
             ... while paralysed by an orc sorcerer
             ... on level 1 of the Orcish Mines.
             The game lasted 02:02:28 (36009 turns).

CypherZel the Blocker (Gnoll Wanderer)             Turns: 36009, Time: 02:02:29

Health: -9/123     AC: 31    Str: 17    XL:     16   Next: 0%
Magic:  30/30      EV:  2    Int: 15    God:    Uskayaw [*.....]
Gold:   4980       SH:  0    Dex: 23    Spells: 33/36 levels left

rFire    . . .     SeeInvis .   b - +8 falchion (venom)
rCold    + . .     Faith    .   T - +3 buckler {AC+3}
rNeg     . . .     Spirit   .   m - +1 plate armour
rPois    .         Reflect  .   D - +1 helmet
rElec    +         Harm     .   y - +2 cloak
rCorr    .         Rampage  .   G - +2 pair of gloves
MR       +....                  N - +2 pair of boots
Stlth    +.........             (no amulet)
HPRegen  0.30/turn              d - +4 ring of evasion
MPRegen  0.22/turn              F - ring of Ceobruku {rElec rC+ Dex+4}

@: paralysed, studying Shields, lightly drained
A: distributed training, fangs 1, strong nose
a: Stomp, Renounce Religion


You were on level 1 of the Orcish Mines.
You worshipped Uskayaw.
Uskayaw was aware of your devotion.
You visited 3 branches of the dungeon, and saw 20 of its levels.

You collected 4980 gold pieces.

Inventory:

Hand Weapons
 a - the +4 hunting sling of Circularity {venom, rF+ rC++ MR+}
   (You found it on level 4 of the Dungeon)

   It poisons the ammo it fires.
   It protects you from fire.
   It greatly protects you from cold.
   It affects your resistance to hostile enchantments.
 b - a +8 falchion of venom (weapon)
 z - a +7 vorpal broad axe
Missiles
 u - a sling bullet
 E - 550 stones (quivered)
Armour
 m - a +1 plate armour (worn)
 y - a +2 cloak (worn)
 D - a +1 helmet (worn)
 G - a +2 pair of gloves (worn)
 N - a +2 pair of boots (worn)
 T - a +3 buckler of protection (worn)
Jewellery
 d - a +4 ring of evasion (left hand)
 h - an uncursed ring of protection from magic
 i - a +4 ring of evasion
 o - an uncursed ring of see invisible
 q - a +6 ring of strength {unknown}
 F - the ring of Ceobruku (right hand) {rElec rC+ Dex+4}
   (You found it on level 5 of the Dungeon)

   [ring of protection from cold]

   It affects your dexterity (+4).
   It protects you from cold.
   It insulates you from electricity.
 H - an uncursed ring of protection from fire
 W - a +4 ring of protection
 X - an uncursed ring of flight
Wands
 g - a wand of acid (21)
 n - a wand of enslavement (8)
 x - a wand of paralysis (13)
 L - a wand of disintegration (24)
 R - a wand of polymorph (17)
Scrolls
 c - 2 scrolls of enchant weapon
 l - a scroll of fog
 v - 4 scrolls of blinking
 w - 5 scrolls of magic mapping
 A - 3 scrolls of brand weapon
 K - 4 scrolls of amnesia
 O - 8 scrolls of teleportation
 P - a scroll of holy word {unknown}
 Q - 9 scrolls of remove curse
 U - 8 scrolls of identify
 V - a scroll of silence {unknown}
Potions
 e - 2 potions of resistance
 f - 4 potions of lignification
 j - 5 potions of cancellation
 k - 4 potions of attraction
 r - 6 potions of haste
 s - 3 potions of heal wounds
 t - 4 potions of mutation
 B - a potion of might
 C - 7 potions of curing
 I - a potion of flight
 J - a potion of magic
 M - a potion of berserk rage
 S - 3 potions of ambrosia
 Z - 2 potions of degeneration
Books
 p - a manual of Shields


   Skills:
 + Level 10.4(10.0) Fighting
 + Level 10.4(10.0) Short Blades
 + Level 10.4(10.0) Long Blades
 + Level 10.4(10.0) Axes
 + Level 10.7(10.3) Maces & Flails
 + Level 10.4(10.0) Polearms
 + Level 10.4(10.0) Staves
 + Level 10.4(10.0) Slings
 + Level 10.4(10.0) Bows
 + Level 10.4(10.0) Crossbows
 + Level 10.7(10.3) Throwing
 + Level 11.3(10.8) Armour
 + Level 10.4(10.0) Dodging
 + Level 10.4(10.0) Stealth
 + Level 13.8(13.3) Shields
 + Level 10.4(10.0) Unarmed Combat
 + Level 10.8(10.3) Spellcasting
 + Level 9.1(8.7) Conjurations
 + Level 8.8(8.4) Hexes
 + Level 8.8(8.4) Summonings
 + Level 8.8(8.4) Necromancy
 + Level 8.8(8.4) Translocations
 + Level 8.8(8.4) Transmutations
 + Level 8.8(8.4) Fire Magic
 + Level 8.8(8.4) Ice Magic
 + Level 10.3(9.9) Air Magic
 + Level 8.8(8.4) Earth Magic
 + Level 8.8(8.4) Poison Magic
 + Level 11.3(10.8) Invocations
 + Level 10.7(10.3) Evocations


You had 33 spell levels left.
You knew the following spells:

 Your Spells              Type           Power        Failure   Level
a - Sandblast             Erth           ####..       7%          1
b - Blink                 Tloc           N/A          11%         2

Your spell library contained the following spells:

 Spells                   Type           Power        Failure   Level
 Magic Dart               Conj           ####         6%          1
 Animate Skeleton         Necr           ####..       7%          1
 Apportation              Tloc           ####..       7%          1
 Corona                   Hex            ####...      7%          1
 Summon Small Mammal      Summ           ####         7%          1
 Poisonous Vapours        Pois/Air       #####.       8%          2
 Call Imp                 Summ           ####....     11%         2
 Ensorcelled Hibernation  Hex/Ice        ####..       11%         2
 Passwall                 Tmut/Erth      ####....     11%         2
 Slow                     Hex            ####....     11%         2
 Mephitic Cloud           Conj/Pois/Air  ####....     17%         3
 Conjure Flame            Conj/Fire      ####....     21%         3
 Dazzling Flash           Conj/Hex       ####..       21%         3
 Stone Arrow              Conj/Erth      ####..       21%         3
 Call Canine Familiar     Summ           ####....     22%         3
 Confusing Touch          Hex            ####....     22%         3
 Gell's Gravitas          Tloc           ####......   22%         3
 Inner Flame              Hex/Fire       ####....     22%         3
 Summon Guardian Golem    Hex/Summ       ####....     22%         3
 Tukima's Dance           Hex            ####....     22%         3
 Summon Lightning Spire   Summ/Air       #####...     45%         4
 Olgreb's Toxic Radiance  Pois           ####....     56%         4
 Petrify                  Tmut/Erth      ####....     56%         4
 Summon Ice Beast         Ice/Summ       ####....     56%         4
 Lee's Rapid Deconstruct  Erth           ####......   89%         5
 Metabolic Englaciation   Hex/Ice        ####......   89%         5
 Yara's Violent Unravell  Hex/Tmut       ####......   89%         5
 Starburst                Conj/Fire      ####......   100%        6


Dungeon Overview and Level Annotations

Branches:
Dungeon (12/15)            Temple (0/1) D:4            Lair (6/6) D:8
  Swamp (0/4) Lair:4        Snake (0/4) Lair:2        Slime (0/5) Lair:6
    Orc (2/2) D:12            Elf (0/3) Orc:2

Altars:
Ashenzari
Cheibriados
Dithmenos
Gozag
Nemelex Xobeh
Qazlal
Ru
Uskayaw
Yredelemnul
The Shining One
Beogh
Jiyva

Shops:
D:4 [   D:10 }   Orc:2 !?*(

Annotations:
Lair:2 exclusion: oklob plant
Lair:4 exclusion: downstairs


Innate Abilities, Weirdness & Mutations

Your experience applies equally to all skills.
You have very sharp teeth.
Your uncanny sense of smell can sniff out nearby items.


Message History

The deep elf knight hits you with a +0 long sword.
The sun demon hits you but does no damage.
The orc sorcerer points at you and mumbles some strange words.
You shrug off the repeated paralysis!
The sun demon hits you but does no damage.
The deep elf knight hits you but does no damage.
The smoke demon hits you but does no damage. x2
The smoke demon completely misses you.
The orc sorcerer points at you and mumbles some strange words.
The bolt of fire hits you! The sun demon hits you.
* * * LOW HITPOINT WARNING * * *
You are engulfed in flames!!
* * * LOW HITPOINT WARNING * * *
The smoke demon hits you but does no damage. x3
The deep elf knight hits you but does no damage.
The sun demon hits you!
* * * LOW HITPOINT WARNING * * *
You are engulfed in flames!
You die...

*,,,,,,,,∆,,..####.....####...
***,,,,,..*,,,#...........###...
**,,,,,,,...,,,#.......#.....###.
*,,,,,,**#...,,#......##.....##.#
,*,,,,***....###......###....#..#
*,,,,,***..............#.........
**,,,,,,,.......(...........##...
***,,,,,.###..3oe.o.(...........
*,,,,,,* #..3@#.#..(..##......
**,*,,,* #....#####.o..#......
****,** ###..# #...#....... *,**
#.## ##.#......#. *** ##*
##.#..e.##### ##### #...#.#..#.#.
##...#####..###(...#.
#....##.#...###......
###............#.#(....


You could see a sun demon (summoned), a deep elf knight (very poisoned), a smoke
demon (summoned) and 2 orc sorcerers.

Vanquished Creatures
  Kirke (Lair:5)
  2 ogre magi (Orc:2)
  Erolcha (D:11)
  Josephine (Lair:5)
  8 hydras
  Harold (D:9)
  2 catoblepae (Lair:6)
  11 two-headed ogres
  6 death yaks
  An orc high priest (D:11)
  Urug (Lair:5)
  2 unseen horrors
  2 deep trolls (Orc:2)
  A wizard (D:9)
  A bog body (Lair:4)
  2 lindwurms (Lair:6)
  4 orc knights
  5 large abominations (D:9)
  3 orc sorcerers
  3 ugly things
  A deep elf mage (Orc:1)
  4 cyclopes
  2 manticores (Lair:6)
  9 black mambas
  7 elephants
  2 centaur zombies
  Joseph (D:10)
  14 cane toads
  Maggie (D:10)
  8 rime drakes
  7 komodo dragons
  13 trolls
  A hornet (Lair:2)
  3 slime creatures (D:12)
  11 polar bears
  15 blink frogs
  3 raiju (Lair:6)
  9 dream sheep (Lair:6)
  A meliai zombie (D:12)
  4 wraiths (Lair:5)
  44 yaks
  2 hogs (Lair:5)
  2 wyverns
  8 basilisks
  Eustachio (D:4)
  12 wargs
  3 swamp worms (Lair:4)
  2 acid dragons (D:12)
  10 water moccasins
  12 hell hounds (Lair:6)
  3 ice beasts
  22 orc warriors
  5 phantoms
  14 black bears
  A sky beast (D:10)
  A necrophage (D:8)
  28 ogres
  3 centaurs
  36 wolves
  The ghost of PanSaczeczos the Skirmisher, an amateur HaAK of Lugonu (D:3)
  18 bullfrogs
  Blork the orc (Orc:2)
  A gnoll sergeant (Orc:2)
  6 small abominations (D:9)
  5 scorpions
  53 killer bees
  3 electric eels
  A jelly (D:6)
  2 quasits (D:7)
  12 orc priests
  2 bullfrog zombies
  7 hounds
  A gnoll shaman (D:10)
  17 orc wizards
  Ijyb (D:3)
  Jessica (D:2)
  2 iguanas
  Terence (D:2)
  5 worker ants
  A hound zombie (D:10)
  A hound skeleton (D:5)
  A worker ant zombie (D:11)
  Robin (D:2)
  4 gnolls (D:10)
  22 adders
  3 shadow imps
  A white imp (D:6)
  2 ufetubi
  2 oozes
  An adder skeleton (D:9)
  5 worms
  5 dart slugs
  3 leopard geckos
  65 orcs
  6 giant cockroaches
  14 goblins
  10 hobgoblins
  5 jackals
  5 quokkas
  A ball python skeleton (D:5)
  7 bats
  5 frilled lizards
  A jackal zombie (D:6)
  10 kobolds
  A quokka skeleton (D:6)
  9 rats
714 creatures vanquished.

Vanquished Creatures (others)
  2 humans (Lair:5)
  An orc priest (D:11)
  An orc wizard (D:11)
  80 fungi
  129 plants
213 creatures vanquished.

Grand Total: 927 creatures vanquished

Notes
Turn   | Place    | Note
-------+----------+-------------------------------------------
     0 | D:1      | CypherZel the Gnoll Wanderer began the quest for the Orb.
     0 | D:1      | CypherZel set off with the following items: a +2 mace, a
                  | wand of random effects (15), a +0 robe; and the following
                  | spell memorised: Sandblast; and the following spells
                  | available to memorise: Stone Arrow
     0 | D:1      | Reached XP level 1. HP: 13/13 MP: 4/4
   351 | D:1      | Reached XP level 2. HP: 10/19 MP: 5/5
   765 | D:1      | Reached XP level 3. HP: 5/25 MP: 7/7
  1881 | D:2      | Noticed Jessica
  1894 | D:2      | Killed Jessica
  1894 | D:2      | Reached skill level 1 in Fighting
  1894 | D:2      | Reached skill level 1 in Short Blades
  1894 | D:2      | Reached skill level 1 in Long Blades
  1894 | D:2      | Reached skill level 1 in Axes
  1894 | D:2      | Reached skill level 1 in Polearms
  1894 | D:2      | Reached skill level 1 in Staves
  1894 | D:2      | Reached skill level 1 in Slings
  1894 | D:2      | Reached skill level 1 in Bows
  1894 | D:2      | Reached skill level 1 in Crossbows
  1894 | D:2      | Reached skill level 1 in Dodging
  1894 | D:2      | Reached skill level 1 in Stealth
  1894 | D:2      | Reached skill level 1 in Shields
  1894 | D:2      | Reached skill level 1 in Unarmed Combat
  1894 | D:2      | Reached skill level 1 in Invocations
  2161 | D:2      | Reached XP level 4. HP: 23/32 MP: 8/8
  2311 | D:2      | Found a shadowy altar of Dithmenos.
  2486 | D:2      | Noticed Robin
  2509 | D:2      | Killed Robin
  2509 | D:2      | Reached skill level 1 in Hexes
  2509 | D:2      | Reached skill level 1 in Summonings
  2509 | D:2      | Reached skill level 1 in Necromancy
  2509 | D:2      | Reached skill level 1 in Translocations
  2509 | D:2      | Reached skill level 1 in Transmutations
  2509 | D:2      | Reached skill level 1 in Fire Magic
  2509 | D:2      | Reached skill level 1 in Ice Magic
  2509 | D:2      | Reached skill level 1 in Earth Magic
  2509 | D:2      | Reached skill level 1 in Poison Magic
  2962 | D:2      | Found a hide-covered altar of Uskayaw.
  2976 | D:2      | Reached XP level 5. HP: 37/37 MP: 9/9
  3212 | D:2      | Became a worshipper of Uskayaw the Reveller
  3350 | D:2      | Found a stormy altar of Qazlal.
  3350 | D:2      | Noticed Terence
  3363 | D:2      | Reached * piety under Uskayaw
  3387 | D:2      | Killed Terence
  3996 | D:3      | Noticed Ijyb
  4574 | D:3      | Reached ** piety under Uskayaw
  4576 | D:3      | HP: 1/37 [acid (6)]
  4586 | D:3      | Killed Ijyb
  4920 | D:3      | Noticed a centaur
  4921 | D:3      | Found a broken altar of Ashenzari.
  5220 | D:3      | Found a transporter.
  5296 | D:3      | Reached XP level 6. HP: 44/44 MP: 10/10
  5375 | D:3      | Found a transporter.
  5385 | D:3      | Noticed PanSaczeczos's ghost (amateur HaAK)
  5392 | D:3      | Found a runed translucent gate.
  5392 | D:3      | Found a runed translucent gate.
  5392 | D:3      | Found a runed translucent gate.
  5778 | D:3      | Reached skill level 5 in Armour
  5778 | D:3      | Reached skill level 2 in Shields
  6152 | D:4      | Found a staircase to the Ecumenical Temple.
  6206 | D:4      | You fall into a shaft and drop 1 floor!
  6206 | D:5      | Entered Level 5 of the Dungeon
  6261 | D:5      | Got a coiled pewter ring
  6263 | D:5      | Identified the ring of Ceobruku {rElec rC+ Dex+4} (You
                  | found it on level 5 of the Dungeon)
  6547 | D:5      | Reached XP level 7. HP: 21/50 MP: 8/12
  7151 | D:5      | Identified the Catalogue of the Arsonist and Toxins
  7178 | D:5      | Found an opulent altar of Gozag.
  7179 | D:5      | Found a sparkling altar of Nemelex Xobeh.
  7325 | D:5      | Reached XP level 8. HP: 47/57 MP: 14/14
  7441 | D:5      | Reached skill level 3 in Shields
  8428 | D:5      | Reached *** piety under Uskayaw
  8431 | D:5      | Reached **** piety under Uskayaw
  8761 | D:4      | Found Jajomu's Armour Boutique.
  8839 | D:4      | Got an ancient hunting sling
  8840 | D:4      | Identified the +4 hunting sling of Circularity {venom, rF+
                  | rC++ MR+} (You found it on level 4 of the Dungeon)
  9055 | D:3      | Killed PanSaczeczos's ghost
  9835 | D:4      | Noticed Eustachio
  9844 | D:4      | Killed Eustachio
 10439 | D:6      | Reached skill level 4 in Shields
 10439 | D:6      | Reached XP level 9. HP: 65/65 MP: 16/16
 10649 | D:6      | Reached skill level 5 in Spellcasting
 10783 | D:6      | Reached skill level 5 in Maces & Flails
 10783 | D:6      | Reached skill level 5 in Throwing
 10783 | D:6      | Reached skill level 5 in Evocations
 10909 | D:6      | Found a sacrificial altar of Ru.
 10918 | D:6      | Found a basalt altar of Yredelemnul.
 10929 | D:6      | Found a snail-covered altar of Cheibriados.
 11728 | D:8      | Reached skill level 5 in Shields
 12188 | D:8      | Reached skill level 5 in Invocations
 12389 | D:8      | Found a staircase to the Lair.
 12407 | D:8      | Identified a scroll of acquirement
 12407 | D:8      | Acquired 774 gold pieces
 12898 | Lair:1   | Entered Level 1 of the Lair of Beasts
 12931 | Lair:1   | Noticed a rime drake
 12939 | Lair:1   | Killed a rime drake
 12939 | Lair:1   | Reached skill level 6 in Shields
 12939 | Lair:1   | Reached XP level 10. HP: 73/73 MP: 18/18
 12995 | Lair:1   | Noticed a cane toad
 12995 | Lair:1   | Noticed a black mamba
 13052 | Lair:1   | Killed a cane toad
 13052 | Lair:1   | Reached skill level 5 in Fighting
 13052 | Lair:1   | Reached skill level 5 in Short Blades
 13052 | Lair:1   | Reached skill level 5 in Long Blades
 13052 | Lair:1   | Reached skill level 5 in Axes
 13052 | Lair:1   | Reached skill level 5 in Polearms
 13052 | Lair:1   | Reached skill level 5 in Staves
 13052 | Lair:1   | Reached skill level 5 in Slings
 13052 | Lair:1   | Reached skill level 5 in Bows
 13052 | Lair:1   | Reached skill level 5 in Crossbows
 13052 | Lair:1   | Reached skill level 5 in Dodging
 13052 | Lair:1   | Reached skill level 5 in Stealth
 13052 | Lair:1   | Reached skill level 5 in Unarmed Combat
 13054 | Lair:1   | Killed a black mamba
 13205 | Lair:1   | Noticed a cane toad
 13212 | Lair:1   | Killed a cane toad
 13300 | Lair:1   | Noticed a cane toad
 13312 | Lair:1   | Killed a cane toad
 13312 | Lair:1   | Reached skill level 5 in Conjurations
 13418 | Lair:1   | Noticed a five-headed hydra
 13420 | Lair:1   | Noticed a five-headed hydra
 13472 | Lair:1   | Reached skill level 7 in Shields
 13479 | Lair:1   | Reached ***** piety under Uskayaw
 13494 | Lair:1   | Killed a five-headed hydra
 13752 | Lair:1   | Killed a five-headed hydra
 13752 | Lair:1   | Reached XP level 11. HP: 47/81 MP: 16/21
 13946 | Lair:1   | Reached skill level 5 in Hexes
 13946 | Lair:1   | Reached skill level 5 in Summonings
 13946 | Lair:1   | Reached skill level 5 in Necromancy
 13946 | Lair:1   | Reached skill level 5 in Translocations
 13946 | Lair:1   | Reached skill level 5 in Transmutations
 13946 | Lair:1   | Reached skill level 5 in Fire Magic
 13946 | Lair:1   | Reached skill level 5 in Ice Magic
 13946 | Lair:1   | Reached skill level 5 in Earth Magic
 13946 | Lair:1   | Reached skill level 5 in Poison Magic
 13978 | Lair:1   | Reached skill level 8 in Shields
 14890 | Lair:2   | Acquired 761 gold pieces
 15096 | Lair:2   | Noticed an oklob plant
 15125 | Lair:2   | Found a staircase to the Snake Pit.
 16953 | Lair:3   | Noticed a five-headed hydra
 17355 | Lair:2   | Reached skill level 9 in Shields
 17682 | Lair:3   | Reached XP level 12. HP: 86/89 MP: 23/23
 18911 | Lair:3   | Killed a five-headed hydra
 19685 | Lair:4   | Found a staircase to the Swamp.
 19820 | Lair:4   | Reached skill level 10 in Shields
 20071 | Lair:5   | Noticed Josephine
 21055 | Lair:5   | Noticed Urug
 21062 | Lair:5   | Killed Urug
 21076 | Lair:5   | Reached XP level 13. HP: 86/98 MP: 25/25
 21277 | Lair:5   | Noticed Kirke
 21310 | Lair:5   | Killed Kirke
 21864 | Lair:5   | Killed Josephine
 21864 | Lair:5   | Reached skill level 11 in Shields
 21869 | Lair:5   | Reached ****** piety under Uskayaw
 22726 | Lair:5   | Learned a level 2 spell: Blink
 22828 | Lair:6   | Entered Level 6 of the Lair of Beasts
 24041 | Lair:6   | Reached XP level 14. HP: 105/106 MP: 27/27
 24056 | Lair:6   | Reached skill level 10 in Armour
 24454 | Lair:6   | Found a viscous altar of Jiyva.
 24454 | Lair:6   | Found a staircase to the Slime Pits.
 25255 | Lair:6   | Reached skill level 12 in Shields
 25326 | Lair:6   | Reached skill level 10 in Invocations
 27631 | D:9      | Reached skill level 10 in Spellcasting
 27740 | D:9      | Noticed Harold
 27755 | D:9      | Killed Harold
 28064 | D:9      | Reached skill level 10 in Maces & Flails
 28064 | D:9      | Reached skill level 10 in Throwing
 28064 | D:9      | Reached skill level 10 in Evocations
 28813 | D:9      | Reached XP level 15. HP: 115/115 MP: 29/29
 29260 | D:9      | Found a glowing golden altar of the Shining One.
 29611 | D:10     | Entered Level 10 of the Dungeon
 29801 | D:10     | Found Maklej's Gadget Shop.
 29876 | D:10     | Noticed Maggie
 29896 | D:10     | Killed Maggie
 30155 | D:10     | Noticed Joseph
 30169 | D:10     | Killed Joseph
 31126 | D:11     | Reached skill level 13 in Shields
 31195 | D:11     | Found a roughly hewn altar of Beogh.
 31195 | D:11     | Found a transporter.
 31524 | D:11     | Found a transporter.
 31578 | D:11     | Reached skill level 10 in Air Magic
 32116 | D:12     | Noticed Erolcha
 32136 | D:11     | Killed Erolcha
 32383 | D:12     | Reached skill level 10 in Fighting
 32383 | D:12     | Reached skill level 10 in Short Blades
 32383 | D:12     | Reached skill level 10 in Long Blades
 32383 | D:12     | Reached skill level 10 in Axes
 32383 | D:12     | Reached skill level 10 in Polearms
 32383 | D:12     | Reached skill level 10 in Staves
 32383 | D:12     | Reached skill level 10 in Slings
 32383 | D:12     | Reached skill level 10 in Bows
 32383 | D:12     | Reached skill level 10 in Crossbows
 32383 | D:12     | Reached skill level 10 in Dodging
 32383 | D:12     | Reached skill level 10 in Stealth
 32383 | D:12     | Reached skill level 10 in Unarmed Combat
 32482 | D:12     | Found a staircase to the Orcish Mines.
 33326 | Orc:1    | Entered Level 1 of the Orcish Mines
 33380 | Orc:2    | Entered Level 2 of the Orcish Mines
 33380 | Orc:2    | Found a staircase to the Elven Halls.
 34005 | Orc:2    | Paralysed by an ogre mage for 2 turns
 34715 | Orc:2    | Found Istu's General Store.
 34726 | Orc:2    | Found Juixkeink's Distillery.
 34736 | Orc:2    | Found Yche Fal's Weapon Shoppe.
 34737 | Orc:2    | Found Moegapol's Magic Scroll Emporium.
 34802 | Orc:2    | Noticed Blork the orc
 34805 | Orc:2    | Killed Blork the orc
 35962 | Orc:1    | Reached XP level 16. HP: 73/123 MP: 28/30
 36003 | Orc:1    | Paralysed by an orc sorcerer for 6 turns
 36009 | Orc:1    | HP: 5/123 [sun demon[an orc sorcerer] (11)]
 36009 | Orc:1    | Mangled by a sun demon

Illustrated notes

Levels and vault maps discovered:
D:1:      minmay_arrival_cross, layout_loops_ring, minivault_25,
          chequers_hall_statues_wall_a, kennysheep_doodads
D:2:      layout_loops_cross, grunt_dithmenos_smoke,
          eat_drink_and_be_merry_uskayaw, lemuel_round_altar, st_stairs_6,
          chequers_serial_rivers_micro_b, minivault_4, uniq_terence, uniq_robin,
          uniq_jessica
D:3:      layout_basic, gammafunk_temple_overflow_arena, gammafunk_ghost_split,
          serial_bayou_pond_c, uniq_ijyb
D:4:      layout_basic, minmay_temple_entry_grid, cheibrodos_sewer_entry_bend,
          serial_shops, nicolae_shop_statue_plus, minmay_manual_monstrance,
          uniq_eustachio
D:5:      layout_loops_ring, grunt_temple_overflow_opulence, st_stairs_9
D:6:      minmay_chambers_of_threes, layout_rooms, general_overflow_altar,
          nicolae_overflow_hidden_temple, minivault_14
D:7:      layout_basic
D:8:      layout_layer_cave, grunt_lair_entry_orc_guard_hut, amethyst_killhole
D:9:      wad_crossroads, layout_irregular_city, overflow_temple_1_default,
          laboratory, uniq_harold
D:10:     cheibrodos_helix_gallery, layout_gridville, serial_shops, shop,
          uniq_joseph, uniq_maggie
D:11:     gammafunk_beogh_shrine, layout_rooms
D:12:     layout_small_grid, david_orc_3, uniq_erolcha
Lair:1:   minmay_lair_venomous_thicket, layout_chaotic_city,
          bh_autumn_forest_stairs, grunt_megastairs_2
Lair:2:   layout_chaotic_city, dummy_snake_entry, lemuel_oklob_altar,
          grunt_megastairs_3
Lair:3:   layout_cellular_growth, st_stairs_12, beast_lair_carwin_7,
          serial_bayou_shore_a, infiniplex_staircase_pool
Lair:4:   layout_cave_shapes, nicolae_swamp_entry_splash_gauntlet
Lair:5:   wad_woods_minihive, layout_cave_pods, st_stairs_5, uniq_josephine,
          uniq_urug, uniq_kirke
Lair:6:   hangedman_lair_in_review, layout_regular_city,
          hangedman_lair_caniforms_friends, slime_altar_1,
          kennysheep_basilisk_garden, serial_bayou_shore_b
Orc:1:    layout_diamond_mine, serial_shops, shop, basic_altar, elf_legates
Orc:2:    st_orc_open, layout_caves, sword_in_stone

Skill      XL: |  1  2  3  4  5  6  7  8  9 10 11 12 13 14 15 |
---------------+----------------------------------------------+-----
Conjurations   | 2 3 4 5 6 7 8 9 |  9.1
Fighting       | 1 2 3 4 6 7 8 9 10 | 10.4
Short Blades   | 1 2 3 4 6 7 8 9 10 | 10.4
Long Blades    | 1 2 3 4 6 7 8 9 10 | 10.4
Axes           | 1 2 3 4 6 7 8 9 10 | 10.4
Polearms       | 1 2 3 4 6 7 8 9 10 | 10.4
Staves         | 1 2 3 4 6 7 8 9 10 | 10.4
Slings         | 1 2 3 4 6 7 8 9 10 | 10.4
Bows           | 1 2 3 4 6 7 8 9 10 | 10.4
Crossbows      | 1 2 3 4 6 7 8 9 10 | 10.4
Dodging        | 1 2 3 4 6 7 8 9 10 | 10.4
Stealth        | 1 2 3 4 6 7 8 9 10 | 10.4
Shields        | 1 2 4 6 7 9 10 11 12 13 | 13.8
Unarmed Combat | 1 2 3 4 6 7 8 9 10 | 10.4
Invocations    | 1 2 3 4 5 6 7 8 9 10 11 | 11.3
Spellcasting   | 3 4 5 6 7 8 9 10 | 10.8
Hexes          | 1 2 3 4 5 6 7 8 |  8.8
Summonings     | 1 2 3 4 5 6 7 8 |  8.8
Necromancy     | 1 2 3 4 5 6 7 8 |  8.8
Translocations | 1 2 3 4 5 6 7 8 |  8.8
Transmutations | 1 2 3 4 5 6 7 8 |  8.8
Fire Magic     | 1 2 3 4 5 6 7 8 |  8.8
Ice Magic      | 1 2 3 4 5 6 7 8 |  8.8
Earth Magic    | 1 2 3 4 5 6 7 8 |  8.8
Poison Magic   | 1 2 3 4 5 6 7 8 |  8.8
Maces & Flails | 3 4 5 6 7 8 9 10 | 10.7
Throwing       | 3 4 5 6 7 8 9 10 | 10.7
Evocations     | 3 4 5 6 7 8 9 10 | 10.7
Armour         | 5 6 7 8 9 10 11 | 11.3
Air Magic      | 6 7 8 9 10 | 10.3

Action                   |  1- 3 |  4- 6 |  7- 9 | 10-12 | 13-15 | 16-18 || total
-------------------------+-------+-------+-------+-------+-------+-------++-------
Melee: Mace              |    63 |   307 |   211 |       |       |       ||   581
       Bite              |     8 |    32 |    30 |    86 |   266 |       ||   422
       Punch             |       |     1 |     5 |       |       |       ||     6
       Falchion          |       |       |    94 |   428 |  1205 |     3 ||  1730
       Hunting sling     |       |       |     4 |       |       |       ||     4
       Broad axe         |       |       |       |       |     3 |       ||     3
 Fire: Hunting sling     |       |       |   116 |   221 |   715 |       ||  1052
Throw: Dart              |       |     8 |     7 |       |     4 |       ||    19
       Stone             |       |       |       |       |     1 |       ||     1
 Cast: Blink             |       |       |       |       |     6 |       ||     6
Invok: Stomp             |       |     7 |    11 |    10 |    27 |       ||    55
       Line Pass         |       |     1 |       |       |       |       ||     1
       Grand Finale      |       |       |       |       |     2 |       ||     2
Evoke: Wand              |    10 |     6 |       |     8 |    20 |       ||    44
  Use: Scroll            |     2 |     5 |    17 |    16 |    11 |       ||    51
       Potion            |     1 |     5 |       |     3 |     3 |       ||    12
 Stab: Confused          |     1 |       |       |       |       |       ||     1
       Sleeping          |     1 |       |       |       |       |       ||     1
       Paralysed         |       |       |     3 |    34 |    82 |       ||   119
       Petrified         |       |       |       |       |     8 |       ||     8
       Petrifying        |       |       |       |       |     1 |       ||     1
Armor: Robe              |     7 |       |       |       |       |       ||     7
       Plate armour      |    15 |   204 |   238 |   230 |   540 |    13 ||  1240
Dodge: Dodged            |    36 |   168 |   172 |   241 |   718 |     8 ||  1343
Block: Buckler           |       |       |     4 |   157 |   672 |     7 ||   840
       Rpst.: Falchion   |       |       |    12 |    70 |   146 |     1 ||   229

Table legend: (Time is in decaauts)
 A = Elapsed time spent in this place.
 B = Non-inter-level travel time spent in this place.
 C = Inter-level travel time spent in this place.
 D = Time resting spent in this place.
 E = Time spent auto-exploring this place.
 F = Levels seen in this place.
 G = Mean time per level.
                   A        B        C        D        E       F      G
               +--------+--------+--------+--------+--------+-----+--------+
         Total |  35649 |  33501 |   2148 |  11906 |  14690 |  20 | 1782.4 |
       Dungeon |  18840 |  17382 |   1458 |   5406 |   8542 |  12 | 1570.0 |
          Lair |  14240 |  13592 |    648 |   5641 |   5257 |   6 | 2373.3 |
  Orcish Mines |   2569 |   2527 |     42 |    859 |    891 |   2 | 1284.5 |
               +--------+--------+--------+--------+--------+-----+--------+

Top non-repeatable levels by time:
  Lair:6: 3747 daAuts
  Lair:5: 3209 daAuts
  Lair:2: 2779 daAuts
     D:5: 2730 daAuts
     D:2: 2490 daAuts
     D:9: 2074 daAuts
     D:3: 2036 daAuts
  Lair:1: 1979 daAuts
     D:1: 1885 daAuts
  Lair:3: 1810 daAuts
    D:11: 1401 daAuts
   Orc:2: 1318 daAuts
     D:8: 1298 daAuts
   Orc:1: 1250 daAuts
     D:4: 1198 daAuts
